 Dungeon Crawl Stone Soup version 0.18-a0-1435-gee79d65 (webtiles) character file.

69 Slowtrain the Ruffian (level 4, 0/35 HPs)
             Began as a Minotaur Transmuter on Feb 28, 2016.
             Succumbed to a gnoll's poison
             ... on level 2 of the Dungeon.
             The game lasted 00:07:01 (1448 turns).

Slowtrain the Ruffian (Minotaur Transmuter)         Turns: 1448, Time: 00:07:02

Health: 0/35       AC:  6    Str: 15    XL:     4   Next: 2%
Magic:  3/5        EV: 12    Int: 15    God:
Gold:   50         SH:  0    Dex: 11    Spells: 2 memorised, 2 levels left

rFire  . . .     SeeInvis .       - Unarmed
rCold  . . .     Gourm    .     o - +0 leather armour
rNeg   . . .     Faith    .     (no shield)
rPois  .         Spirit   .     (helmet restricted)
rElec  .         Dismiss  .     n - +2 cloak
rCorr  .         Reflect  .     (no gloves)
SustAt .         Harm     .     (no boots)
MR     .....                    (no amulet)
Stlth  +.........               (no ring)
                                (no ring)

@: brilliant, lethally poisoned (0 -> -5), exhausted, not resistant to hostile
enchantments, very unstealthy
A: retaliatory headbutt, horns 2
a: no special abilities


You were on level 2 of the Dungeon.
You were not hungry.

You visited 1 branch of the dungeon, and saw 2 of its levels.

You collected 50 gold pieces.

Inventory:

Hand Weapons
 e - a +0 hunting sling
Missiles
 a - 11 arrows
 i - 26 stones (quivered)
 l - 16 poisoned needles
Armour
 b - a +0 robe
 n - a +2 cloak (worn)
 o - a +0 leather armour (worn)
Scrolls
 g - a scroll of remove curse {unknown}
 j - 2 scrolls of teleportation {unknown}
 k - a scroll of fog {unknown}
 p - 2 scrolls of enchant armour
 r - a scroll of identify {unknown}
Books
 c - a book of Changes

   Spells                             Type                      Level
   a - Beastly Appendage              Transmutation                1
   b - Sticks to Snakes               Transmutation                2
   c - Spider Form                    Transmutation/Poison         3
   d - Ice Form                       Ice/Transmutation            4
   e - Blade Hands                    Transmutation                5
Comestibles
 d - 5 bread rations
 f - 2 chunks of flesh


   Skills:
 - Level 1.2 Fighting
 - Level 2.1 Dodging
 + Level 5.4 Unarmed Combat
 - Level 1.3 Spellcasting
 - Level 1.5 Transmutations


You had 2 spell levels left.
You knew the following spells:

 Your Spells              Type           Power        Failure   Level  Hunger
a - Beastly Appendage     Trmt           ##....       2%          1    ##.....
b - Sticks to Snakes      Trmt           ##......     3%          2    ###....


Dungeon Overview and Level Annotations

Branches:
Dungeon (2/15)

Altars:


Innate Abilities, Weirdness & Mutations

You reflexively headbutt those who attack you in melee.
You have a pair of horns on your head.


Message History

You completely miss the jackal.
You headbutt the jackal, but do no damage.
The jackal is moderately wounded.
You feel yourself speed up.
You feel sick. The gnoll hits you but does no damage.
The jackal closely misses you.
Your ball python bites the jackal but does no damage.
Your ball python constricts the jackal.
The gnoll hits you from afar with a spear of venom.
* * * LOW HITPOINT WARNING * * *
The jackal closely misses you. You furiously retaliate!
You headbutt the jackal.
You kill the jackal! 2 gnolls come into view.
* * * LOW HITPOINT WARNING * * *
You feel sick.
The gnoll hits you from afar with a spear of venom.
* * * LOW HITPOINT WARNING * * *
Unknown command.
You die...

?........# #.####.#......#
........## #.............########
.........# #.....................
w........###.............########
..........##.................# ##
........#.###......####......# #.
......g.#..##).....# #......# #.
........##.##......# #......# #.
##...#...#g##...@..# ##.##### #.
#...#.(.g.()...#.## #.# ###.
#####......÷gS.#.# #.# #...
#..........#.# #.# #.##
#...##..####.# #.#####.##
#...###.# .# #.).....## #...# #.#
.. ########## #...# #.. .. #
##### ##.. #


You could see 2 gnolls and a friendly ball python.

Vanquished Creatures
  2 adders (D:2)
  A gnoll (D:2)
  A worm (D:2)
  2 dart slugs (D:1)
  2 giant geckos (D:1)
  4 bats
  3 goblins (D:1)
  4 hobgoblins
  2 jackals (D:2)
  2 ball pythons (D:2)
  3 giant newts
  3 kobolds
  3 rats (D:1)
32 creatures vanquished.

Vanquished Creatures (others)
  A bat (D:1)
1 creature vanquished.

Grand Total: 33 creatures vanquished

Notes
Turn   | Place    | Note
--------------------------------------------------------------
     0 | D:1      | Slowtrain the Minotaur Transmuter began the quest for the Orb.
     0 | D:1      | Reached XP level 1. HP: 16/16 MP: 1/1
   158 | D:1      | Reached XP level 2. HP: 23/23 MP: 3/3
   163 | D:1      | Reached skill level 4 in Unarmed Combat
   167 | D:1      | Learned a level 2 spell: Sticks to Snakes
   968 | D:2      | Reached XP level 3. HP: 28/28 MP: 2/4
  1330 | D:2      | Reached skill level 5 in Unarmed Combat
  1414 | D:2      | Reached XP level 4. HP: 6/35 MP: 3/5
  1447 | D:2      | HP: 1/35 [gnoll/spear of venom (5)]
  1448 | D:2      | Succumbed to a gnoll's poison

Vault maps used:
D:1:      saegor_arrival_simple_f, roderic_ancient_swastika
D:2:      kennysheep_goblin_castle, minmay_tree_intersection

Skill      XL: |  1  2  3 |
---------------+----------+-----
Unarmed Combat | 4 5 |  5.4
Fighting       | |  1.2
Dodging        | |  2.1
Spellcasting   | |  1.3
Transmutations | |  1.5

Action                   |  1- 3 |  4- 6 || total
-------------------------+-------+-------++-------
Melee: Unarmed           |    88 |     2 ||    90
Throw: Stone             |    30 |       ||    30
       Tomahawk          |     3 |       ||     3
 Cast: Beastly Appendage |     5 |       ||     5
       Sticks to Snakes  |       |     1 ||     1
  Use: Potion            |     2 |       ||     2
       Scroll            |       |     1 ||     1
  Eat: Chunk             |     2 |     1 ||     3
